 Dungeon Crawl Stone Soup version 0.29.1-12-g30fa7ad0bf (webtiles) character file.

Game seed: 1200295314835218715

424 booth the Chopper (level 6, -4/47 HPs)
             Began as a Demonspawn Gladiator on Jan 12, 2023.
             Was a Plaything of Xom.
             Slain by a gnoll sergeant
             ... wielding a +0 spear
              (11 damage)
             ... on level 5 of the Dungeon.
             The game lasted 00:29:38 (4943 turns).

booth the Chopper (Demonspawn Gladiator)            Turns: 4943, Time: 00:29:39

Health: -4/47      AC:  5    Str: 17      XL:     6   Next: 64%
Magic:  6/6        EV: 12    Int:  9      God:    Xom [....*.]
Gold:   182        SH:  8    Dex: 10 (14) Spells: 5/5 levels left

rFire   + . .      SeeInvis .   a - +0 war axe
rCold   . . .      Faith    .   (no shield)
rNeg    . . .      Spirit   .   b - +0 leather armour
rPois   +          Reflect  .   c - +0 helmet
rElec   .          Harm     .   (no cloak)
rCorr   .          Rampage  .   (no gloves)
Will    .....                   s - +0 pair of boots
Stlth   +.........              (no amulet)
HPRegen 0.15/turn               i - ring of protection from fire
MPRegen 0.10/turn               g - ring of poison resistance

@: no status effects
A: large bone plates 1, condensation shield, demonic magic 1
a: Renounce Religion


You were on level 5 of the Dungeon.
You worshipped Xom.
You were a beloved toy of Xom.
You visited 1 branch of the dungeon, and saw 6 of its levels.

You collected 182 gold pieces.

Inventory:

Hand Weapons
 a - a +0 war axe (weapon)
 p - a +0 mace
 t - a +0 flail
Missiles
 d - 4 throwing nets
 e - 4 javelins (quivered)
 h - 6 boomerangs
 r - 3 silver boomerangs
Armour
 b - a +0 leather armour (worn)
 c - a +0 helmet (worn)
 s - a +0 pair of boots (worn)
 x - a +0 scale mail
Jewellery
 f - an amulet of magic regeneration
 g - a ring of poison resistance (right hand)
 i - a ring of protection from fire (left hand)
 m - a ring of see invisible
 v - a ring of protection from cold
Wands
 y - a wand of paralysis (13)
Scrolls
 o - 2 scrolls of teleportation
 C - a scroll of enchant weapon {unknown}
Potions
 j - a potion of invisibility
 k - 2 potions of might
 l - 2 potions of cancellation
 n - a potion of curing
 q - a potion of haste {unknown}
 u - a potion of degeneration {unknown}
 w - a potion of lignification {unknown}
 A - a potion of flight {unknown}
 B - 2 potions of mutation {unknown}


   Skills:
 + Level 3.3 Fighting
 + Level 4.6 Axes
 + Level 2.4 Throwing
 + Level 2.2 Armour
 + Level 3.6 Dodging
 + Level 0.3 Stealth
 + Level 1.2 Shields


You had 5 spell levels left.
You didn't know any spells.
Your spell library contained the following spells:

 Spells                   Type           Power      Damage    Failure   Level
 Freeze                   Ice            0%         1d3       43%         1
 Slow                     Hex            0%         N/A       43%         1
 Ensorcelled Hibernation  Hex/Ice        0%         N/A       58%         2
 Sublimation of Blood     Necr           0%         N/A       58%         2
 Wereblood                Tmut           0%         N/A       58%         2
 Confusing Touch          Hex            0%         N/A       82%         3
 Frozen Ramparts          Ice            0%         1d1       82%         3
 Spider Form              Tmut/Pois      0%         N/A       82%         3
 Vampiric Draining        Necr           0%         2d6       82%         3
 Anguish                  Hex/Necr       0%         N/A       99%         4
 Hailstorm                Conj/Ice       0%         3d3       99%         4
 Summon Hydra             Summ           0%         N/A       100%        7


Dungeon Overview and Level Annotations

Branches:
Dungeon (6/15)             Temple (0/1) D:6

Altars:
Xom


Innate Abilities, Weirdness & Mutations

You are partially covered in large bone plates. (SH +4)
A meltable shield of frost defends you. (SH +4)
Spells you cast may paralyse adjacent enemies.


Message History

The gnoll is lightly wounded.
The gnoll barely misses you.
A gnoll comes into view. It is wielding a +0 spear.
The gnoll shouts!
You slash the gnoll!
The gnoll is severely wounded.
You hear a bark!
The gnoll hits you with a +0 flail.
A gnoll sergeant comes into view. It is wielding a +0 spear.
Throw: 5 javelins
Press: ? - help, Q - select action, (/) - cycle Shift-Dir - straight line, f - gnoll sergeant, p - gnoll
Aim: a gnoll sergeant, wielding a +0 spear and wearing a +0 ring mail (wandering, hasn't noticed you, 65% to hit)
You throw a javelin. The javelin barely misses the gnoll.
The javelin closely misses the gnoll.
The javelin barely misses the gnoll sergeant.
A hound comes into view.
You block the gnoll's attack. The gnoll misses you.
The gnoll sergeant moves out of view.
You hit the gnoll.
You kill the gnoll!
The gnoll hits you but does no damage.
A gnoll comes into view. It is wielding a +0 club.
The gnoll shouts!
You block the gnoll's attack.
You barely miss the gnoll. You miss the hound. The hound bites you.
The gnoll hits you with a +0 halberd! The hound completely misses you.
You hit the gnoll.
The gnoll is lightly wounded.
You closely miss the hound. The hound bites you but does no damage.
The gnoll sergeant misses you. The gnoll hits you with a +0 halberd!
You barely miss the gnoll.
The gnoll is lightly wounded.
You slash the hound! The hound completely misses you.
The gnoll sergeant hits you from afar with a +0 spear!
* * * LOW HITPOINT WARNING * * *
You block the gnoll's attack. The hound barely misses you.
A quokka comes into view.
The gnoll sergeant hits you from afar with a +0 spear!
You die...
Xom titters!

.##'#############'####
.....................#.
.....................'.
.....................#
.....................#
.....................#
.....................#
...............).hg.!#
................@gg.(#
###################g....
....# ..?(r ....# ....
....# .. .... #..#
#..###+####.###
..............#


You could see a gnoll sergeant, a hound, 3 gnolls and a quokka.

Vanquished Creatures
  A water moccasin (D:5)
  An ogre (D:5)
  A howler monkey (D:4)
  2 jellies
  A gnoll (D:5)
  3 adders (D:4)
  3 worms (D:2)
  3 dart slugs
  4 orcs
  7 endoplasms
  3 giant cockroaches (D:2)
  5 goblins
  5 hobgoblins
  10 jackals
  7 kobolds
  5 quokkas
  3 ball pythons
  4 bats
  3 frilled lizards
  3 rats (D:1)
74 creatures vanquished.

Vanquished Creatures (others)
  58 plants (D:1)
58 creatures vanquished.

Grand Total: 132 creatures vanquished

Notes
Turn   | Place    | Note
-------+----------+-------------------------------------------
     0 | D:1      | booth the Demonspawn Gladiator began the quest for the Orb.
     0 | D:1      | Reached XP level 1. HP: 16/16 MP: 1/1
    63 | D:1      | Gained mutation: Spells you cast may paralyse adjacent
                  | enemies. [demonic ancestry]
    63 | D:1      | Reached XP level 2. HP: 15/22 MP: 2/2
   208 | D:1      | Reached skill level 3 in Axes
   739 | D:1      | Gained mutation: You are partially covered in large bone
                  | plates. (SH +4) [demonic ancestry]
   739 | D:1      | Reached XP level 3. HP: 26/28 MP: 3/3
  1588 | D:2      | Found a faded altar of an unknown god.
  1776 | D:2      | Prayed at the altar of an unknown god.
  1776 | D:2      | Became a worshipper of Xom of Many Doors
  1887 | D:2      | Reached skill level 1 in Armour
  2530 | D:3      | Gained mutation: A meltable shield of frost defends you.
                  | (SH +4) [demonic ancestry]
  2530 | D:3      | Reached XP level 4. HP: 34/34 MP: 4/4
  2790 | D:3      | XOM: potion effect (curing)
  2973 | D:4      | XOM: god gift: trident {god gift}
  3205 | D:4      | Reached XP level 5. HP: 40/40 MP: 5/5
  3313 | D:4      | Reached skill level 4 in Axes
  3563 | D:4      | XOM: silly message
  3586 | D:4      | You fall into a shaft and drop 2 floors!
  3586 | D:6      | Found a staircase to the Ecumenical Temple.
  3591 | D:5      | Entered Level 5 of the Dungeon
  3662 | D:5      | Noticed a water moccasin
  3678 | D:5      | HP: 2/40 [water moccasin (7)]
  3679 | D:5      | XOM: potion effect (curing)
  3684 | D:5      | XOM: silly message
  3690 | D:5      | Killed a water moccasin
  3691 | D:5      | Reached XP level 6. HP: 26/47 MP: 6/6
  3851 | D:5      | XOM: summons 4 hostile demons
  3856 | D:5      | XOM: butterfly on damage
  4477 | D:5      | XOM: cleaving
  4483 | D:5      | Reached skill level 1 in Shields
  4943 | D:5      | Slain by a gnoll sergeant

Illustrated notes

Levels and vault maps discovered:
D:1:      heliophobic_arrival_ceremonial_halls, layout_loops_ring, serial_bayou,
          serial_bayou_pond_a, serial_bayou_lake_a, serial_bayou_lagoon_b,
          serial_bayou_shore_b, serial_bayou_lagoon_a
D:2:      layout_basic, basic_ecumenical_altar
D:3:      layout_basic, kennysheep_potato
D:4:      layout_rooms
D:5:      layout_gridville, hangedman_decor_opposing
D:6:      minmay_spotlight, layout_loops_cross, minmay_temple_entry_butterflies,
          serial_shops, shop

Skill      XL: |  1  2  3  4  5  6 |
---------------+-------------------+-----
Dodging        | 3 |  3.6
Axes           | 3 4 |  4.6
Throwing       | 2 |  2.4
Armour         | 1 2 |  2.2
Fighting       | 3 |  3.3
Shields        | 1 |  1.2
Stealth        | |  0.3

Action                   |  1- 3 |  4- 6 || total
-------------------------+-------+-------++-------
Melee: War axe           |   150 |    95 ||   245
       Punch             |       |     1 ||     1
Throw: Javelin           |     1 |    14 ||    15
       Boomerang         |     1 |     4 ||     5
  Use: Scroll            |     5 |     4 ||     9
       Potion            |       |     4 ||     4
 Stab: Sleeping          |     1 |       ||     1
Armor: Leather armour    |    36 |    75 ||   111
Dodge: Dodged            |    91 |   117 ||   208
Block: Other             |    17 |    56 ||    73
